 Dungeon Crawl Stone Soup version 0.27-a0-1196-g3e9cee4cb2 (webtiles) character file.

Game seed: 5306301582199811052

38 mg7810 the Skirmisher (level 3, 0/49 HPs)
             Began as a Hill Orc Monk on May 29, 2021.
             Succumbed to an adder's poison
             ... on level 2 of the Dungeon.
             The game lasted 00:03:59 (2149 turns).

mg7810 the Skirmisher (Hill Orc Monk)               Turns: 2149, Time: 00:03:59

Health: 0/49       AC:  3    Str: 14    XL:     3   Next: 43%
Magic:  3/3        EV: 12    Int: 10    God:
Gold:   130        SH:  0    Dex: 13    Spells: 2/2 levels left

rFire    . . .     SeeInvis .   g - staff of air
rCold    . . .     Faith    .   (no shield)
rNeg     . . .     Spirit   .   b - +0 leather armour
rPois    .         Reflect  .   (no helmet)
rElec    +         Harm     .   (no cloak)
rCorr    .         Rampage  .   (no gloves)
Will     .....                  (no boots)
Stlth    ..........             (no amulet)
HPRegen  0.16/turn              (no ring)
MPRegen  0.08/turn              (no ring)

@: mighty, berserking, lethally poisoned (0 -> -3), weak-willed, flying
(expiring), very quick
A: no striking features
a: no special abilities


You were on level 2 of the Dungeon.
You visited 1 branch of the dungeon, and saw 3 of its levels.

You collected 130 gold pieces.

Inventory:

Armour
 b - a +0 leather armour (worn)
Magical Staves
 g - a staff of air (weapon)
Scrolls
 c - a scroll of blinking {unknown}
 d - a scroll of magic mapping {unknown}
 f - a scroll of silence {unknown}
 k - a scroll of enchant weapon {unknown}
Potions
 e - a potion of flight
 j - a potion of brilliance {unknown}
 m - a potion of attraction {unknown}


   Skills:
 + Level 3.8 Fighting
 * Level 0.1 Staves
 + Level 2.1 Armour
 + Level 2.6 Dodging
 + Level 1.6 Stealth
 + Level 3.7 Unarmed Combat


You had 2 spell levels left.
You didn't know any spells.
Your spell library was empty.

Dungeon Overview and Level Annotations

Branches:
Dungeon (3/15)

Altars:


Message History

Magic quickly surges around you.
It was a scroll of vulnerability.
* * * LOW HITPOINT WARNING * * *
You feel sick. The adder closely misses you. The orc hits you with a +0 whip.
* * * LOW HITPOINT WARNING * * *
The adder bites you.
* * * LOW HITPOINT WARNING * * *
It was a potion of curing.
You feel better. The orc closely misses you. The adder misses you.
An adder comes into view.
The adder bites you but does no damage.
Found a stone staircase leading up.
A ball python and a hobgoblin come into view.
The adder hisses angrily.
The adder bites you. The adder closely misses you. The adder bites you.
* * * LOW HITPOINT WARNING * * *
You are poisoned.
The adder poisons you!
There is a stone staircase leading up, spattered with blood here.
You feel sick. The orc hits you but does no damage.
The adder bites you but does no damage.
You fly upwards.
* * * LOW HITPOINT WARNING * * *
You feel sick.
There is a stone staircase leading down here.
You feel sick.
You feel sick.
You are no longer poisoned.
The adder closely misses you.
It was a potion of berserk rage.
A red film seems to cover your vision as you go berserk!
You feel yourself moving faster!
You feel mighty!
You are starting to lose your buoyancy.
The adder bites you.
* * * LOW HITPOINT WARNING * * *
You are lethally poisoned!
The adder poisons you!
You hit the adder!
You kill the adder!
You die...

#.# #.....#.# #.##.###.#....#..
#.#####.###.#.# #.##.# #.####.##.
.........##.#.###.##.# #.....#...
#.####...##.....>..#.#####.##.###
#.# #...######.............#....
#.####...######.#..######...#.##.
#.##.............>.# ###.#.##.
.....#...######.##.# #...##.
#...............@.o# ######.
..####.#........#### #.. ###
#.########## #.# #.# #.# #.# #.#
######.# ##.# .......# #..#
######## #.## #..#


You could see an orc (weak-willed).

Vanquished Creatures
  An adder (D:2)
  4 endoplasms
  2 giant cockroaches (D:2)
  2 goblins (D:1)
  4 hobgoblins
  2 quokkas (D:2)
  5 ball pythons
  3 bats
  4 frilled lizards
  3 kobolds (D:2)
  7 rats
37 creatures vanquished.

Notes
Turn   | Place    | Note
-------+----------+-------------------------------------------
     0 | D:1      | mg7810 the Hill Orc Monk began the quest for the Orb.
     0 | D:1      | Reached XP level 1. HP: 19/19 MP: 1/1
   298 | D:1      | Reached XP level 2. HP: 27/27 MP: 2/2
   344 | D:1      | Reached skill level 1 in Armour
  1121 | D:2      | Reached XP level 3. HP: 31/33 MP: 3/3
  2148 | D:2      | HP: 1/49 [adder (3)]
  2149 | D:2      | Succumbed to an adder's poison

Illustrated notes

Levels and vault maps discovered:
D:1:      amcnicky_arrival_feature_with_door, layout_loops_ring
D:2:      layout_loops_ring, minmay_pentomino_q4
D:3:      layout_rooms, gammafunk_temple_overflow_statue, lemuel_round_altar,
          hellmonk_ecumenical_altar_pennies_from_heaven,
          kennysheep_generic_room_12

Skill      XL: |  1  2  3 |
---------------+----------+-----
Armour         | 1 2 |  2.1
Fighting       | |  3.8
Staves         | |  0.1
Dodging        | |  2.6
Stealth        | |  1.6
Unarmed Combat | |  3.7

Action                   || total
-------------------------++-------
Melee: Unarmed           ||    93
       Punch             ||     1
       Staff             ||    26
  Use: Potion            ||     4
       Scroll            ||     1
 Stab: Sleeping          ||     4
Armor: Leather armour    ||    28
Dodge: Dodged            ||    71

Table legend: (Time is in decaauts)
 A = Elapsed time spent in this place.
 B = Non-inter-level travel time spent in this place.
 C = Inter-level travel time spent in this place.
 D = Time resting spent in this place.
 E = Time spent auto-exploring this place.
 F = Levels seen in this place.
 G = Mean time per level.
                   A        B        C        D        E       F      G
               +--------+--------+--------+--------+--------+-----+--------+
         Total |   2147 |   2069 |     78 |      0 |   1697 |   3 |  715.7 |
       Dungeon |   2147 |   2069 |     78 |      0 |   1697 |   3 |  715.7 |
               +--------+--------+--------+--------+--------+-----+--------+

Top non-repeatable levels by time:
     D:2: 1143 daAuts
     D:1: 969 daAuts
     D:3: 35 daAuts
